 Dungeon Crawl Stone Soup version 0.30-a0-996-ga6910c8ee8 (webtiles) character file.

Game seed: 8661554468825380351

4 Newt the Shooter (level 1, -32/13 HPs)
             Began as a Kobold Hunter on Apr 4, 2023.
             Killed by an exploding gnoll (38 damage)
             ... ignited by their inner flame
             ... on level 1 of the Dungeon.
             The game lasted 00:00:24 (273 turns).

Newt the Shooter (Kobold Hunter)                     Turns: 273, Time: 00:00:25

Health: -32/13     AC:  4    Str:  8    XL:     1   Next: 66%
Magic:  1/1        EV: 14    Int: 10    God:
Gold:   41         SH:  0    Dex: 18    Spells: 0/0 levels left

rFire   . . .      SeeInvis .    a - +0 shortbow
rCold   . . .      Faith    .    (shield currently unavailable)
rNeg    . . .      Spirit   .    c - +1 leather armour
rPois   .          Reflect  .    (no helmet)
rElec   .          Rampage  .    (no cloak)
rCorr   .                        (no gloves)
Will    .....                    (no boots)
Stlth   +++                      (no amulet)
HPRegen 0.22/turn                (no ring)
MPRegen 0.07/turn                (no ring)

@: no status effects
A: small, no large weapons, nightstalker 3
a: no special abilities


You were on level 1 of the Dungeon.
You visited 1 branch of the dungeon, and saw 1 of its levels.

You collected 41 gold pieces.

Inventory:

Hand Weapons
 a - a +0 shortbow (weapon)
Armour
 c - a +1 leather armour (worn)


   Skills:
 + Level 2.6 Fighting
 - Level 5.3 Ranged Weapons
 - Level 2.4 Dodging
 - Level 1.3 Stealth


You couldn't memorise any spells.
You didn't know any spells.
Your spell library was empty.

Dungeon Overview and Level Annotations

Branches:
Dungeon (1/15)

Altars:


Innate Abilities, Weirdness & Mutations

You are small and have problems with some larger weapons.
You are completely attuned to the shadows.


Message History

You are too injured to fight recklessly!
You are too injured to fight recklessly!
Unknown command.
It was a potion of curing.
You feel better. The gnoll hits you with a +0 whip.
You shoot an arrow.
The arrow hits the gnoll but does no damage.
The gnoll hits you with a +0 whip.
* * * LOW HITPOINT WARNING * * *
Unknown command.
The gnoll attacks as you move away! The gnoll barely misses you.
The gnoll attacks as you move away! The gnoll barely misses you.
There is a stone staircase leading down here.
A bat comes into view.
You see here a +0 whip.
As you read the scroll labelled NINKIT QONGE, it crumbles to dust.
It is a scroll of enchant armour.
Your +0 leather armour glows green for a moment.
The gnoll closely misses you. The bat attacks as you move away!
The bat hits you but does no damage. The bat misses you.
The bat hits you but does no damage. The bat barely misses you.
The bat closely misses you. The gnoll attacks as you move away!
The gnoll misses you. The gnoll attacks as you move away!
The gnoll completely misses you.
Really read the scroll of immolation?
As you read the scroll of immolation, it crumbles to dust.
The creatures around you are filled with an inner flame!
The gnoll hits you with a +0 whip.
Unknown command.
Fire: a) +0 shortbow
Press: ? - help, Shift-Dir - straight line, f - bat, p - gnoll
Aim: a bat (inner flame, 51% to hit)
You shoot an arrow. The arrow hits the gnoll!
Flame seeps out of the gnoll.
The gnoll is heavily wounded.
The gnoll is engulfed in blazing flames.
The gnoll explodes!
The fiery explosion engulfs you!!!
Ouch! That really hurt!
You die...

##### #####
##b..## #...##
##○###.## #.....
#####@##
##.#####...##
#.....#
#..........) ###
#.##..#
#.####.....)
##.## #.##.#.#
############
##.#>###.##.##..
≈≈≈≈~~≈≈≈≈#
#.#......##.#
#.#≈≈≈~...~~~≈#
##...######.#
#≈≈~.....~≈≈#
##.##
#≈~...<...~≈#
.####.####
#≈≈.......~~#


You could see a bat (inner flame).

Vanquished Creatures
  A gnoll (D:1)
  A goblin (D:1)
  2 kobolds (D:1)
  A frilled lizard (D:1)
5 creatures vanquished.

Notes
Turn   | Place    | Note
-------+----------+-------------------------------------------
     0 | D:1      | Newt the Kobold Hunter began the quest for the Orb.
     0 | D:1      | Reached XP level 1. HP: 12/12 MP: 1/1
   273 | D:1      | Killed by an exploding gnoll... ignited by their inner
                  | flame

Illustrated notes

Levels and vault maps discovered:
D:1:      dpeg_arrival_more_subterranean_lakeside_camping, layout_loops_ring

Action                     || total
---------------------------++-------
   Fire: Shortbow          ||    19
    Use: Scroll            ||     2
         Potion            ||     1
 Armour: Leather armour    ||     3
  Dodge: Dodged            ||    15

Table legend: (Time is in decaauts)
 A = Elapsed time spent in this place.
 B = Non-inter-level travel time spent in this place.
 C = Inter-level travel time spent in this place.
 D = Time resting spent in this place.
 E = Time spent auto-exploring this place.
 F = Levels seen in this place.
 G = Mean time per level.
                   A        B        C        D        E       F      G
               +--------+--------+--------+--------+--------+-----+--------+
         Total |    278 |    278 |      0 |      0 |    218 |   1 |  278.0 |
       Dungeon |    278 |    278 |      0 |      0 |    218 |   1 |  278.0 |
               +--------+--------+--------+--------+--------+-----+--------+

Top non-repeatable levels by time:
     D:1: 278 daAuts
